 Dungeon Crawl Stone Soup version 0.27-a0-1548-gf8a67e7463 (webtiles) character file.

Game seed: 1637195391381216496

3345 raph the Geomancer (level 10, -34/61 HPs)
             Began as a Gargoyle Earth Elementalist on July 13, 2021.
             Was a Believer of Vehumet.
             Engulfed by a cloud of flame (55 damage)
             ... on level 9 of the Dungeon.
             The game lasted 00:18:24 (10921 turns).

raph the Geomancer (Gargoyle Earth Elementalist)   Turns: 10921, Time: 00:18:24

Health: -34/61     AC: 14    Str: 19    XL:     10   Next: 2%
Magic:  1/18       EV: 13    Int: 18    God:    Vehumet [**....]
Gold:   122        SH:  4    Dex: 10    Spells: 5/20 levels left

rFire    . . .     SeeInvis +   x - +1 morningstar
rCold    . . .     Faith    .   y - +0 buckler
rNeg     + . .     Spirit   .   C - +2 robe {Will+}
rPois    ∞         Reflect  .   f - +0 helmet
rElec    +         Harm     .   p - +0 cloak
rCorr    .         Rampage  .   (no gloves)
Will     +....                  m - +0 pair of boots
Stlth    ++........             (no amulet)
HPRegen  0.20/turn              i - +6 ring of strength
MPRegen  0.16/turn              t - ring of see invisible

@: slowed, very slow
A: sickness immunity, AC +7, negative energy resistance 1, electricity
resistance, torment resistance 1, petrification resistance
a: Renounce Religion


You were on level 9 of the Dungeon.
You worshipped Vehumet.
Vehumet was pleased with you.
You visited 2 branches of the dungeon, and saw 10 of its levels.

You collected 378 gold pieces.
You spent 256 gold pieces at shops.

Inventory:

Hand Weapons
 a - a +0 dagger
 e - a +0 whip
 q - a +2 quarterstaff of chaos
 r - a +1 flail
 x - a +1 morningstar (weapon)
 A - a +2 whip of venom
Missiles
 c - 80 stones
Armour
 b - a +0 robe
 d - the +1 robe of the Goldsmith {rF- Str+8}
   (You bought it in a shop on level 4 of the Dungeon)

   Str:       It affects your strength (+8).
   rF:        It makes you vulnerable to fire.
 f - a +0 helmet (worn)
 m - a +0 pair of boots (worn)
 p - a +0 cloak (worn)
 y - a +0 buckler (worn)
 C - a +2 robe of willpower (worn)
Jewellery
 i - a +6 ring of strength (left hand)
 t - a ring of see invisible (right hand)
Wands
 n - a wand of polymorph (6)
 w - a wand of charming (8)
 B - a wand of flame (17)
Scrolls
 l - 2 scrolls of blinking
 D - a scroll of immolation
Potions
 g - 5 potions of curing
 h - 4 potions of lignification
 j - a potion of cancellation {unknown}
 k - 2 potions of might
 o - 3 potions of attraction
 s - a potion of flight {unknown}
 u - a potion of mutation {unknown}
 v - 2 potions of heal wounds
 z - a potion of degeneration {unknown}


   Skills:
 + Level 6.3 Fighting
 + Level 5.3 Dodging
 - Level 2.1 Stealth
 + Level 2.5 Shields
 + Level 5.8 Spellcasting
 + Level 0.5 Conjurations
 - Level 3.0 Translocations
 - Level 0.7 Transmutations
 + Level 10.0 Earth Magic


You had 5 spell levels left.
You knew the following spells:

 Your Spells              Type           Power      Damage    Failure   Level
a - Sandblast             Erth           82%        2d17      1%          1
b - Passwall              Tmut/Erth      20%        N/A       2%          2
c - Stone Arrow           Conj/Erth      48%        3d10      4%          3
d - Foxfire               Conj/Fire      24%        2x1d5     13%         1
e - Petrify               Tmut/Erth      24%        N/A       16%         4
f - Blink                 Tloc           N/A        N/A       6%          2
g - Searing Ray           Conj           14%        3d3       17%         2

Your spell library contained the following spells:

 Spells                   Type           Power      Damage    Failure   Level
 Beastly Appendage        Tmut           14%        N/A       11%         1
 Sting                    Tmut/Pois      24%        1d4       13%         1
 Lesser Beckoning         Tloc           8%         N/A       13%         3
 Wereblood                Tmut           7%         N/A       16%         2
 Poisonous Vapours        Pois/Air       10%        N/A       22%         2
 Spider Form              Tmut/Pois      3%         N/A       36%         3
 Manifold Assault         Tloc           16%        N/A       75%         5
 Olgreb's Toxic Radiance  Pois           5%         N/A       82%         4


Dungeon Overview and Level Annotations

Branches:
Dungeon (10/15)            Temple (1/1) D:4
   Lair: D:8-11         Orc: D:9-12

Altars:
Ashenzari
Cheibriados
Dithmenos
Elyvilon
Fedhas
Gozag
Hepliaklqana
Kikubaaqudgha
Makhleb
Nemelex Xobeh
Okawaru
Qazlal
Ru
Sif Muna
Trog
Uskayaw
Vehumet
Wu Jian
Xom
Yredelemnul
Zin

Shops:
D:4 *   D:5 *

Annotations:
D:6 1 runed translucent door, Shym's ghost, novice FoAM


Innate Abilities, Weirdness & Mutations

You are immune to sickness and miasma.
Your stone body is resilient. (AC +7)
You are immune to poison.
You resist negative energy. (rN+)
You are resistant to electric shocks. (rElec)
You are resistant to unholy torment.
You are immune to petrification.


Message History

Aiming: Sandblast (safe; 1% risk of failure)
Press: ? - help, Q - select action, (/) - cycle Shift-Dir - straight line, f/p - wraith
Aim: a wraith (lightly damaged, 83% to hit)
The blast of sand misses the wraith.
The wraith hits you. The wraith drains your vigour!
You feel as though you will be slow longer.
The wraith closely misses you.
Aiming: Sandblast (safe; 1% risk of failure)
Press: ? - help, Q - select action, (/) - cycle Shift-Dir - straight line, f/p - wraith
Aim: a wraith (lightly damaged, 83% to hit)
The blast of sand hits the wraith but does no damage.
The wraith is lightly damaged.
The wraith closely misses you.
Your shield prevents you from hitting the wraith.
The wraith is lightly damaged.
The wraith hits you. The wraith barely misses you.
The wraith closely misses you.
Aiming: Sandblast (safe; 1% risk of failure)
Press: ? - help, Q - select action, (/) - cycle Shift-Dir - straight line, f/p - wraith
Aim: a wraith (lightly damaged, 83% to hit)
The blast of sand hits the wraith!
The wraith is moderately damaged.
The wraith hits you but does no damage.
As you read the scroll labelled WED LEEDIBRO, it crumbles to dust.
The creatures around you are filled with an inner flame!
It was a scroll of immolation.
The wraith misses you. The wraith hits you! The wraith drains your vigour!
You feel as though you will be slow longer.
You puncture the wraith!
Flame seeps out of the wraith.
The wraith is heavily damaged.
The wraith is engulfed in blazing flames.
Flame seeps out of the wraith.
The wraith hits you but does no damage.
The wraith is engulfed in blazing flames.
Flame seeps out of the wraith.
The wraith closely misses you.
You hit the wraith. Vehumet accepts your kill.
The wraith explodes!
The fiery explosion engulfs you.
You are engulfed in blazing flames.
Ouch! That really hurt!
You die...

#.....# #..†..##
##(....# #.....# #.....#
#.##### #.## #.#
#####..###
#.#############...#....#
#....§°@.[...#.#..#..#.#
############.#....#....#
#.# .......
#.####.#.####
#............ ###
###....#..... ..#
#.#..#..#.. .# #.# ###
#....#..... #.# ..#.#
##<## ######.###.


There were no monsters in sight!

Vanquished Creatures
  An ugly thing (D:7)
  A wraith (D:9)
  A steam dragon (D:6)
  Menkaure (D:4)
  2 water moccasins
  3 sky beasts
  A black bear (D:5)
  2 ogres
  2 centaurs
  A phantom (D:5)
  A kobold brigand (D:7)
  2 bullfrogs
  2 water moccasin zombies (D:5)
  A gnoll sergeant (D:7)
  A scorpion (D:5)
  A wyvern skeleton (D:6)
  10 wights
  3 centaur zombies
  3 jellies
  An orc priest (D:5)
  3 hounds
  Crazy Yiuf (D:2)
  A centaur skeleton (D:4)
  2 bullfrog skeletons
  An iguana (D:7)
  3 orc wizards
  A scorpion zombie (D:5)
  Terence (D:3)
  Robin (D:4)
  4 adders
  7 gnolls
  A white imp (D:5)
  2 ufetubi
  2 worms (D:2)
  A dart slug (D:1)
  11 orcs
  7 endoplasms
  A giant cockroach (D:2)
  15 goblins
  4 hobgoblins
  6 jackals (D:1)
  A quokka (D:3)
  5 ball pythons
  4 bats
  2 frilled lizards
  14 kobolds
  2 rats (D:1)
143 creatures vanquished.

Vanquished Creatures (others)
  5 plants (D:5)
5 creatures vanquished.

Grand Total: 148 creatures vanquished

Notes
Turn   | Place    | Note
-------+----------+-------------------------------------------
     0 | D:1      | raph the Gargoyle Earth Elementalist began the quest for
                  | the Orb.
     0 | D:1      | Reached XP level 1. HP: 10/10 MP: 3/3
   121 | D:1      | Reached skill level 4 in Earth Magic
   177 | D:1      | Reached XP level 2. HP: 3/15 MP: 0/5
   411 | D:1      | Learned a level 2 spell: Passwall
  1022 | D:1      | Found a faded altar of an unknown god.
  1198 | D:1      | Reached XP level 3. HP: 19/19 MP: 2/6
  1202 | D:1      | Learned a level 3 spell: Stone Arrow
  1208 | D:1      | Reached skill level 5 in Earth Magic
  2528 | D:2      | Reached XP level 4. HP: 24/24 MP: 5/7
  2771 | D:2      | Reached skill level 6 in Earth Magic
  2955 | D:2      | Found a runed translucent door.
  2956 | D:2      | Noticed Crazy Yiuf
  3530 | D:2      | Killed Crazy Yiuf
  3651 | D:3      | Reached XP level 5. HP: 28/28 MP: 5/8
  3752 | D:3      | Noticed Terence
  3759 | D:3      | Killed Terence
  3760 | D:3      | Reached skill level 7 in Earth Magic
  3839 | D:3      | Found an iron altar of Okawaru.
  4337 | D:4      | Found a staircase to the Ecumenical Temple.
  4344 | Temple   | Entered the Ecumenical Temple
  4488 | Temple   | Became a worshipper of Vehumet
  4526 | D:4      | Found an ancient bone altar of Kikubaaqudgha.
  4892 | D:4      | Reached skill level 1 in Fighting
  4997 | D:4      | Noticed Robin
  5006 | D:4      | Killed Robin
  5007 | D:4      | Reached XP level 6. HP: 27/34 MP: 1/9
  5121 | D:4      | Found Iqocofog's Assorted Antiques.
  5277 | D:4      | Found a sacrificial altar of Ru.
  5277 | D:4      | Noticed Menkaure
  5286 | D:4      | Killed Menkaure
  5654 | D:5      | Entered Level 5 of the Dungeon
  5660 | D:5      | Reached * piety under Vehumet
  5660 | D:5      | Offered knowledge of Foxfire by Vehumet.
  5661 | D:5      | Reached XP level 7. HP: 40/40 MP: 1/11
  5741 | D:4      | Learned a level 1 spell: Foxfire
  5952 | D:5      | Reached skill level 8 in Earth Magic
  6018 | D:5      | Learned a level 4 spell: Petrify
  6258 | D:5      | Found Lanibecs's General Store.
  6276 | D:5      | Reached XP level 8. HP: 31/48 MP: 0/13
  6485 | D:4      | Bought a faintly glowing robe for 119 gold pieces
  6485 | D:4      | Identified the +1 robe of the Goldsmith {rF- Str+8} (You
                  | bought it in a shop on level 4 of the Dungeon)
  6498 | D:5      | Found a broken altar of Ashenzari.
  6990 | D:5      | Bought a scroll of identify for 30 gold pieces
  6990 | D:5      | Bought a scroll of identify for 30 gold pieces
  7372 | D:6      | Reached skill level 9 in Earth Magic
  7455 | D:6      | Found a runed translucent door.
  7456 | D:6      | Noticed Shym's ghost (novice FoAM)
  7496 | D:6      | Learned a level 2 spell: Blink
  8002 | D:6      | Reached skill level 5 in Fighting
  8321 | D:7      | Reached XP level 9. HP: 43/54 MP: 16/16
  8356 | D:7      | Reached skill level 1 in Translocations
  8547 | D:7      | HP: 2/54 [something/ball of steam (15)]
  8845 | D:6      | Reached skill level 5 in Spellcasting
  9183 | D:7      | Offered knowledge of Searing Ray by Vehumet.
  9286 | D:7      | Found a burning altar of Makhleb.
  9335 | D:7      | Reached ** piety under Vehumet
  9640 | D:4      | Bought a runed robe for 77 gold pieces
 10045 | D:7      | Noticed a cyan ugly thing
 10052 | D:7      | Killed a cyan ugly thing
 10053 | D:7      | Reached skill level 5 in Dodging
 10053 | D:7      | Reached skill level 1 in Shields
 10292 | D:7      | You fall into a shaft and drop 3 floors!
 10292 | D:10     | Entered Level 10 of the Dungeon
 10458 | D:10     | Noticed a troll
 10609 | D:9      | Learned a level 2 spell: Searing Ray
 10637 | D:9      | Reached skill level 10 in Earth Magic
 10896 | D:9      | Reached XP level 10. HP: 47/61 MP: 11/18
 10921 | D:9      | Engulfed by a cloud of flame

Illustrated notes

Levels and vault maps discovered:
D:1:      dpeg_arrival_arbitrary_a, layout_basic,
          shapermc_ecumenical_altar_venn, kennysheep_pointless_box
D:2:      layout_basic, uniq_crazy_yiuf_cottage
D:3:      layout_rooms, okawaru_gym_becter, serial_glass, glass_columns_a,
          glass_columns_c, item_on_display_a, feat_on_display, uniq_terence
D:4:      layout_basic, kiku_gazebo_pond_becter, kennysheep_little_box,
          minmay_temple_entry_glassed_door, serial_shops, nicolae_stop_n_shop_2,
          interstate_on_off, uniq_menkaure, uniq_robin
D:5:      layout_cave_pools, amcnicky_altar_gilded, serial_shops,
          nicolae_shop_stone, serial_bayou_lagoon_a, amcnicky_mini_pool_small
D:6:      layout_basic, ebering_ghost_reflecting_pool
D:7:      layout_loops_ring, bloody_makhleb, uniq_pikel
D:9:      layout_basic, tso_metal_star, hangedman_abyss_or_decor_passed
D:10:     layout_cave_pods, st_stairs_3, uniq_maurice
Temple:   compressed_dpeg_circular_temple

Skill      XL: |  1  2  3  4  5  6  7  8  9 |
---------------+----------------------------+-----
Earth Magic    | 4 5 6 7 8 9 10 | 10.0
Fighting       | 1 2 3 5 6 |  6.3
Dodging        | 2 3 4 5 |  5.3
Spellcasting   | 3 4 5 |  5.8
Translocations | 3 |  3.0
Shields        | 2 |  2.5
Stealth        | |  2.1
Conjurations   | |  0.5
Transmutations | |  0.7

Action                   |  1- 3 |  4- 6 |  7- 9 | 10-12 || total
-------------------------+-------+-------+-------+-------++-------
Melee: Unarmed           |    15 |       |       |       ||    15
       Dagger            |    27 |       |       |       ||    27
       Whip              |    15 |    22 |       |       ||    37
       Flail             |       |    18 |    55 |       ||    73
       Morningstar       |       |       |    24 |     3 ||    27
 Cast: Sandblast         |    47 |    42 |    90 |     7 ||   186
       Stone Arrow       |     2 |    16 |    47 |       ||    65
       Passwall          |       |     1 |       |       ||     1
       Blink             |       |       |       |     1 ||     1
       Searing Ray       |       |       |       |     1 ||     1
  Use: Scroll            |       |     7 |     8 |     1 ||    16
 Stab: Sleeping          |     1 |       |       |       ||     1
Armor: Robe              |    33 |    33 |    89 |     7 ||   162
Dodge: Dodged            |    62 |    40 |   102 |     8 ||   212
Block: Buckler           |       |       |     5 |       ||     5

Table legend: (Time is in decaauts)
 A = Elapsed time spent in this place.
 B = Non-inter-level travel time spent in this place.
 C = Inter-level travel time spent in this place.
 D = Time resting spent in this place.
 E = Time spent auto-exploring this place.
 F = Levels seen in this place.
 G = Mean time per level.
                   A        B        C        D        E       F      G
               +--------+--------+--------+--------+--------+-----+--------+
         Total |  10986 |  10392 |    594 |   3597 |   5261 |  10 | 1098.6 |
       Dungeon |  10826 |  10246 |    580 |   3583 |   5188 |   9 | 1202.9 |
        Temple |    159 |    145 |     14 |     14 |     73 |   1 |  159.0 |
               +--------+--------+--------+--------+--------+-----+--------+

Top non-repeatable levels by time:
     D:4: 1992 daAuts
     D:6: 1917 daAuts
     D:1: 1909 daAuts
     D:2: 1715 daAuts
     D:5: 1067 daAuts
     D:7: 1010 daAuts
     D:3: 577 daAuts
     D:9: 426 daAuts
    D:10: 210 daAuts
  Temple: 159 daAuts
